[Event "2nd Serbia Open Masters 2022"]
[Site "Novi Sad"]
[Date "2022.07.02"]
[Round "5.40"]
[White "Arpita, Mukherjee"]
[Black "Srbis, Jurica"]
[Result "1/2-1/2"]
[ECO "C76"]
[WhiteElo "2275"]
[BlackElo "2451"]
[Annotator "TA"]
[PlyCount "95"]
[EventDate "2022.06.28"]
[EventType "swiss"]
[EventCountry "SRB"]
[SourceTitle "playchess.com"]
[Source "ChessBase"]
[SourceQuality "1"]
[TimeControl "40/5400+30:900+30"]

1. e4 e5 2. Nf3 Nc6 3. Bb5 a6 4. Ba4 d6 5. c3 Bd7 6. O-O g6 7. d4 Bg7 8. Re1 b5 {[%emt 0:00:41] 8...Nf6 is a critical line. C76: Ruy Lopez: Deferred Steinitz: 5 c3 Bd7 6 d4 g6.} 9. Bc2 exd4 10. Nxd4 Nge7 {[%emt 0:00:00] The position is equal.} 11. Bg5 h6 {[%emt 0:00:00] [#]} 12. Bh4 $146 ({Predecessor:} 12. Nxc6 Bxc6 13. Be3 O-O 14. Bd4 Bb7 15. Bxg7 Kxg7 16. Qd4+ Kh7 17. Nd2 Nc6 18. Qe3 {0-1 (55) Abdulov,O (2337)-Kazimova,N (2262) Nakhchivan 2015}) 12... Qc8 13. f4 O-O 14. Nxc6 Nxc6 15. Nd2 b4 16. Qf3 Rb8 17. Nc4 bxc3 18. bxc3 Be6 19. Bb3 Rb5 (19... a5 {feels hotter.} 20. Nd2 Qa6 21. Rad1 Bxb3 22. axb3 a4) 20. Rac1 Rc5 21. Nd2 Na5 22. Bf2 $36 {[%emt 0:02:06][%mdl 2048] White is pushing.} Nxb3 23. axb3 Rb5 24. Bd4 Qb7 (24... Bxb3 $2 25. Bxg7 Kxg7 26. c4 Bxc4 27. Rxc4 $18) (24... Bxd4+ $11 25. cxd4 d5) 25. Bxg7 (25. f5 $16 Bd7 26. Qg3) 25... Kxg7 $14 26. c4 Rb4 (26... Qb6+ $14 27. Kh1 Ra5) 27. f5 $16 Bd7 (27... gxf5 $142 28. Re3 Rg8) 28. Qc3+ $1 f6 {[%emt 0:00:40] [#]} 29. fxg6 $1 Qb6+ 30. Kh1 Qc5 31. Rf1 (31. Nf3 $142) 31... a5 32. Nf3 a4 33. bxa4 (33. Nd4 $16) 33... Rxa4 $14 34. Nd4 (34. Nh4 $16) 34... Qe5 35. Qd2 {[%emt 0:01:07] Hoping for Nf5+.} Kxg6 36. Nf5 Rh8 (36... Bxf5 $2 37. exf5+ Kg7 38. Rce1 $18) 37. Rc3 {[%emt 0:01:31][%cal Oc4c5,Bc1c3,Bc3f3,Bf3f6][%mdl 32] c5! is the strong threat.} (37. Rce1 $5 ) 37... Ra2 38. Qe1 {[%emt 0:10:17] Chess con chili. White is more active.} (38. Qxa2 $16 Qxc3 39. Qe2) 38... Kf7 (38... Rg8 $11) 39. Rcf3 $1 h5 ({Better is} 39... Bc6 $1 $14 40. Ne3 Rg8) 40. Ne3 Qxe4 $2 (40... Rh6 $16) 41. Rxf6+ $18 (41. Qc3 Qe5 42. Rxf6+ Ke7 $18) 41... Ke8 {[%emt 0:04:07] [#]} 42. Qg3 $2 (42. Qb4 $1 $18 {White wants to mate with Qb8+.} Ra8 (42... Kd8 43. Qb8+) 43. Nd5) 42... Kd8 $11 43. Nd5 {[%emt 0:12:35] aiming for Nc3.} Qg4 44. Qxg4 Bxg4 (44... hxg4 $11 {remains equal.} 45. Kg1 Bc6) 45. h3 $16 Be2 46. Rf8+ ({White should try} 46. Rb1 $16 Bxc4 47. Rb8+ Kd7 48. Rf7+ (48. Rxh8 Bxd5 49. Rg6 c5 $16) 48... Ke6 49. Re7+ Kxd5 50. Rxh8) 46... Rxf8 $14 47. Rf4 (47. Rxf8+ $14 Kd7 48. Rf7+ Kd8 49. Rxc7) 47... Rf7 $2 48. Rxf7 {[%emt 0:00:00] Both players deserved the win here.  Weighted Error Value: White=0.45/Black=0.43} 1/2-1/2

[Event "2nd Serbia Open Masters 2022"]
[Site "Novi Sad"]
[Date "2022.07.02"]
[Round "5.41"]
[White "Antova, Gabriela"]
[Black "Badelka, Olga"]
[Result "0-1"]
[ECO "A13"]
[WhiteElo "2293"]
[BlackElo "2453"]
[Annotator "TA"]
[PlyCount "74"]
[EventDate "2022.06.28"]
[EventType "swiss"]
[EventCountry "SRB"]
[SourceTitle "playchess.com"]
[Source "ChessBase"]
[SourceQuality "1"]
[TimeControl "40/5400+30:900+30"]

1. Nf3 Nf6 2. c4 e6 3. b3 d5 4. e3 c5 5. Bb2 Nc6 6. cxd5 exd5 7. Bb5 Bg4 {[%emt 0:03:56] A13: English Opening: 1...e6.} 8. h3 Bh5 9. O-O Bd6 {[%emt 0:01:07] The position is equal.} 10. d4 cxd4 11. Qxd4 Bxf3 12. gxf3 O-O 13. Bxc6 bxc6 14. Nd2 {[%emt 0:03:38] [#]} Re8 $146 {[%emt 0:07:47] ...Be5 is the strong threat.} ({Predecessor:} 14... Qd7 15. Qh4 Be7 16. Rfd1 a5 17. Nc4 Qe6 18. Ne5 Nd7 19. Qg3 Bd6 20. f4 Bxe5 21. Bxe5 Nxe5 22. fxe5 {0-1 (56) Meulders,R (2300)-David,A (2425) Antwerp 1994}) 15. Qd3 Qd7 16. Kg2 Nh5 17. Rh1 (17. Rg1 $142) 17... f5 (17... Qe6 $17 {aiming for ...Rad8.} 18. Rac1 c5) 18. Rad1 Rad8 $1 19. Kf1 ({White should try} 19. Rhg1 $15) 19... f4 ({Black should play} 19... Qe6 $1 20. Re1 Bb4) 20. e4 $17 Be5 ({Better is} 20... Bb4 $1 $17 {And now ...dxe4 would win.} 21. Kg2 Re6) 21. Bxe5 $11 Rxe5 22. Nc4 Re6 23. exd5 cxd5 24. Nb2 {[%emt 0:04:30] [#]} (24. h4 $11) 24... Rde8 $1 $17 {[%emt 0:13:39][%cal Oh5g3] Strongly threatening ...Ng3+! Black is more active.} 25. Qxd5 $2 {[%emt 0:07:17][%mdl 8192] Now White is beyond hope.} (25. Qd4 $1 $15) 25... Qxd5 $19 26. Rxd5 {[%emt 0:00:02] [#]} Ng3+ 27. Kg2 Nxh1 28. Kxh1 {[%emt 0:00:09][%mdl 4096] Endgame KRR-KRN} Re2 29. Nd3 Rxa2 30. Kg2 Rd2 31. b4 $2 (31. h4) 31... h6 {[%emt 0:02:06] Black is clearly winning.} 32. Nxf4 Rxd5 33. Nxd5 {[%emt 0:00:02] KR-KN} Rb8 {[%emt 0:04:33] White must now prevent ...Kf7.} 34. f4 Rb5 35. Ne7+ Kf8 36. Nc6 a6 37. Kf3 Rb6 {[%emt 0:00:11] Weighted Error Value: White=0.54/Black=0.10 (very precise)} 0-1

[Event "2nd Serbia Open Masters 2022"]
[Site "Novi Sad"]
[Date "2022.07.02"]
[Round "5.42"]
[White "Prraneeth Vuppala"]
[Black "Souhardo Basak"]
[Result "0-1"]
[ECO "B52"]
[WhiteElo "2447"]
[BlackElo "2357"]
[Annotator "TA"]
[PlyCount "124"]
[EventDate "2022.06.28"]
[EventType "swiss"]
[EventCountry "SRB"]
[SourceTitle "playchess.com"]
[Source "ChessBase"]
[SourceQuality "1"]
[TimeControl "40/5400+30:900+30"]

1. e4 c5 2. Nf3 d6 3. Bb5+ Bd7 4. Bxd7+ Qxd7 5. c4 Nc6 6. Nc3 g6 7. d4 cxd4 8. Nxd4 Bg7 9. Be3 Nf6 10. f3 O-O 11. O-O a6 12. Qd3 {[%emt 0:02:12] B52: Sicilian: Moscow Variation with 3...Bd7.} Rab8 {[%emt 0:00:33] 12...Rfc8 is a critical line.} 13. Nxc6 bxc6 14. b3 {[%emt 0:04:59] The position is equal.} Rfd8 15. Rad1 {[%emt 0:03:16] [#]} Qc8 $146 ({Predecessor:} 15... Qc7 16. Qe2 Nd7 17. Na4 c5 18. f4 Qc6 19. Bd2 Bd4+ 20. Kh1 Nf6 21. Rde1 e6 {½-½ (44) Pachnicke,H (2109)-Burri,P (2126) ICCF email 2016}) 16. h3 Nd7 17. f4 Qc7 18. Qc2 Nf8 19. Ne2 a5 20. Bd4 Ne6 21. Bxg7 Kxg7 22. Kh1 Nc5 23. f5 f6 24. Nd4 Rh8 25. a3 Rb6 (25... Rb7 $11 {keeps the balance.}) 26. Rf3 $1 $16 g5 27. Qc3 Qa7 28. Ne6+ (28. Qe1 $14) 28... Nxe6 $11 29. fxe6 {[%emt 0:00:02] Rdf1 is the strong threat.} Rhb8 30. Rb1 h6 ({Black should play} 30... c5 $11) 31. c5 Rb5 (31... dxc5 $2 32. e5 Rf8 33. exf6+ exf6 34. Rd1 $18) 32. b4 {[%emt 0:01:34][%mdl 8192] White does not recover from this.} (32. cxd6 $14 {is the one way to stay ahead.} Re5 33. Rbf1 (33. Qxc6 Rxe6 34. Rd1 Rd8 $14)) 32... axb4 ({Weaker is} 32... dxc5 33. e5 Rf8 34. exf6+ exf6 35. Rd3 $16) 33. axb4 {[%emt 0:00:25] [#] Black must now prevent Rbf1.} Rxc5 $1 34. Ra1 (34. bxc5 Rxb1+) 34... Rxc3 35. Rxa7 $19 {[%emt 0:00:03][%mdl 4096] Endgame KRR-KRR} Rc1+ $1 36. Kh2 Kf8 (36... Rxb4 $2 37. Rxe7+ Kf8 38. Rc7 Rxe4 39. Rxf6+ Kg8 40. e7 Rxe7 41. Rxe7 $18) 37. h4 {[%emt 0:01:24] And now hxg5 would win.} Rxb4 38. Ra8+ Kg7 39. hxg5 hxg5 40. e5 (40. Ra7 {keeps fighting.} Rxe4 41. Rxe7+ Kg6 42. Re8) 40... Re1 41. exf6+ exf6 42. Ra7+ Kg6 43. e7 Rh4+ 44. Kg3 Rhe4 45. Rd7 Rxe7 46. Rxd6 R7e6 47. Rdd3 (47. Rxe6 Rxe6 48. Rc3) 47... f5 48. Rd8 R1e3 49. Rg8+ Kh6 50. Rf8 {[%emt 0:00:27] [#]} Rxf3+ 51. gxf3 $2 {[%emt 0:01:13] [#] KR-KR} (51. Kxf3 f4 52. Kf2) 51... Kg6 $1 52. Rc8 Kf6 53. Rg8 Re3 54. Rf8+ Ke6 {[%emt 0:00:36] Threatens to win with ...c5.} 55. Re8+ Kf7 56. Rc8 Rc3 ({Inferior is} 56... f4+ 57. Kg4 $11) 57. Kf2 f4 58. Kg2 Ke6 {[%emt 0:01:10] Strongly threatening ...Rc5.} 59. Rg8 Rc5 {[%emt 0:00:31] ( -> ...Re5)} 60. Kh3 Re5 61. Kg4 c5 62. Rc8 Kd5 {[%emt 0:00:03] Weighted Error Value: White=0.66/Black=0.12 (very precise)} (62... Kd7 $142 63. Ra8 c4) 0-1

[Event "2nd Serbia Open Masters 2022"]
[Site "Novi Sad"]
[Date "2022.07.02"]
[Round "5.43"]
[White "Shyaamnikhil P"]
[Black "Milosevic, Milos"]
[Result "1/2-1/2"]
[ECO "B90"]
[WhiteElo "2443"]
[BlackElo "2288"]
[Annotator "TA"]
[PlyCount "58"]
[EventDate "2022.06.28"]
[EventType "swiss"]
[EventCountry "SRB"]
[SourceTitle "playchess.com"]
[Source "ChessBase"]
[SourceQuality "1"]
[TimeControl "40/5400+30:900+30"]

1. e4 c5 2. Nf3 d6 3. Nc3 a6 4. d4 cxd4 5. Nxd4 Nf6 6. Be3 e5 7. Nf3 Qc7 8. a4 Be7 9. a5 {[%emt 0:02:51] 9.Be2 deserves study.} Nbd7 10. Bd3 {[%emt 0:08:00] B90: Sicilian Najdorf: Unusual White 6th moves, 6 Be3 Ng4 and 6 Be3 e5.} O-O 11. O-O b5 12. axb6 $1 {[%emt 0:00:55] White is slightly better.} Nxb6 13. Qe2 a5 {[%emt 0:00:54] [#]} 14. Nb5 $146 ({Predecessor:} 14. Nd2 Be6 15. Nb5 Qc6 16. c4 Rfb8 17. Rfc1 Nfd7 18. b3 Nc5 19. Bc2 Rf8 20. f3 {0-1 (38) Lis,M (2156)-Kawalko,A (1876) Szklarska Poreba 2019}) 14... Qb7 15. c4 Bg4 16. h3 Bh5 17. Bg5 Rfd8 18. Rfe1 h6 19. Bd2 a4 20. Bb4 Rac8 21. Rac1 Rc6 22. Rc3 Nfd7 23. Ra1 Rdc8 24. g4 Bg6 25. Ne1 Nc5 (25... Nf8 $15) 26. Bxc5 $11 Rxc5 27. Ng2 Nxc4 28. Rxc4 ({White should try} 28. Bxc4 $14 Bxe4 {[#]} 29. Rxa4 $1 Bxg2 30. Ra7) 28... Qxb5 29. Rcxa4 Rc1+ {[%emt 0:11:37] Weighted Error Value: White=0.13 (very precise) /Black=0.21 (precise)} (29... Qb3 $1 $11) 1/2-1/2

[Event "2nd Serbia Open Masters 2022"]
[Site "Novi Sad"]
[Date "2022.07.02"]
[Round "5.44"]
[White "Urazayev, Arystanbek"]
[Black "Baasansuren, Erdene"]
[Result "1-0"]
[ECO "B92"]
[WhiteElo "2445"]
[BlackElo "2243"]
[Annotator "TA"]
[PlyCount "182"]
[EventDate "2022.06.28"]
[EventType "swiss"]
[EventCountry "SRB"]
[SourceTitle "playchess.com"]
[Source "ChessBase"]
[SourceQuality "1"]
[TimeControl "40/5400+30:900+30"]

1. e4 c5 2. Nf3 d6 3. d4 cxd4 4. Nxd4 Nf6 5. Nc3 a6 6. Be2 e5 7. Nb3 Be7 8. Be3 Be6 9. O-O O-O 10. Re1 {[%emt 0:00:06] B92: Sicilian Najdorf: 6 Be2.} Nc6 11. Bf3 {[%emt 0:00:25] 11.f3 is setting a new trend.} Rc8 12. Qd2 {[%emt 0:07:58] The position is equal.} Qc7 13. Rac1 {[%emt 0:08:34] [#]} b5 $146 ({Predecessor:} 13... Nb8 14. a4 Nbd7 15. Red1 Rfd8 16. Qe1 h6 17. a5 b5 18. axb6 Nxb6 19. Ra1 Nc4 {½-½ (52) Pogonina,N (2501)-Huang,Q (2447) Ningbo 2010}) 14. Nd5 Bxd5 15. exd5 e4 16. Be2 {[%emt 0:10:29] This bishop pair is nice.} Ne5 17. c4 $36 {[%emt 0:04:05][%mdl 2048] White has some pressure.} Nxc4 18. Bxc4 bxc4 19. Na5 {[%emt 0:00:29][%cal Bb3a5,Ba5c4,Bc4d6][%mdl 32] Inhibits Qb7.} Qd7 20. Nxc4 Qf5 21. Red1 Ng4 (21... Rb8 $11 {was preferrable.}) 22. Bf4 $14 Rfd8 23. h3 $1 Ne5 (23... Nf6 $142) 24. Bxe5 (24. Nxe5 $1 $16 Rxc1 25. Qxc1 dxe5 26. Qc7) 24... Bg5 $1 $11 25. Nxd6 Qxe5 26. Rxc8 Rxc8 27. Qb4 Be7 28. Qb7 Rc2 29. Qb3 Rxb2 30. Nc4 $1 Rxb3 31. Nxe5 {[%emt 0:00:05][%mdl 4096] Endgame KRB-KRN} Rb6 32. Nc4 Rb8 33. d6 Bd8 34. Rd5 (34. Ne5 $14) 34... f6 35. g4 Kf7 36. Rd4 Ke6 37. Kg2 g6 38. Rxe4+ Kd5 39. Kf3 Rc8 40. Ne3+ Kxd6 41. Re8 Kd7 42. Rh8 h5 43. gxh5 gxh5 44. Rxh5 Rc3 45. Rd5+ Ke7 (45... Ke8 $142) 46. Ke4 (46. Kg4 $142 $1) 46... Bb6 ({Black should try} 46... Ra3) 47. Rd3 $1 $16 Rc6 48. Nd5+ Kf7 (48... Ke6 $16) 49. f4 $1 $18 Bd8 50. Kf5 (50. Rc3 $18 Rxc3 51. Nxc3) 50... Rc5 $16 51. Ke4 (51. h4 $16) 51... Rc4+ (51... Rc6 $1 $11) 52. Rd4 $1 Rc2 (52... Rc8 $16 {was necessary.} 53. Rb4 Kg6) 53. Nb4 (53. Ne3 $18 Rc8 54. Rd6) 53... Rb2 (53... Rc8 $16) 54. Nd3 (54. Rxd8 $6 Rxb4+ 55. Rd4 Rb6 $16) (54. Nxa6 $6 Rxa2 55. Nb4 (55. Rxd8 Rxa6 56. Kf5 Ra5+ 57. Kg4 Kg6 $16) 55... Rb2 $16) 54... Rb8 55. f5 Be7 56. Rd7 Rb5 57. Ra7 (57. Rd5 $16 {Black must now prevent Rxb5.} Rb8 58. Ra5) 57... Ra5 $14 58. Nf4 Re5+ ({Black should play} 58... Ra4+ $1 $11 59. Ke3 Ra3+ 60. Ke4 Ra4+ 61. Kf3 Ra3+ 62. Kg4 Ra4) 59. Kd4 Ke8 $1 {[%emt 0:00:30] Hoping for ...Bc5+.} 60. Nd5 ({Don't play} 60. Rxa6 Rxf5 61. Ke4 Re5+ 62. Kd4 Rf5 $16) 60... Bd8 61. Rxa6 {[%emt 0:01:50] Threatens to win with Re6+. White is more active.} Rxf5 62. Kc5 {[%emt 0:01:16] Strongly threatening Kd6.} Rh5 63. Re6+ Kd7 64. Re3 $1 Rh4 65. Rf3 (65. Rd3 $14) 65... Ke6 (65... Ra4 $11) 66. Nf4+ $1 Kd7 67. Rd3+ Kc8 68. Nd5 Kb7 69. Rb3+ Kc8 70. Rd3 Kb7 $1 71. Kd6 {[%emt 0:00:07] White stays focused until the end.} Ra4 72. Kd7 Ba5 73. a3 f5 74. Rb3+ Ka6 75. Nc7+ Bxc7 (75... Ka7 $16) 76. Kxc7 $16 {[%emt 0:00:02] KR-KR} f4 {[%emt 0:00:38] [#]} 77. Rf3 $1 Re4 78. h4 {[%emt 0:00:03][%cal Bh3h4,Bh4h5,Bh5h6,Bh6h7][%mdl 32] aiming for Kd6.} Re3 $2 (78... Rd4 79. Kc6 (79. h5 Rd5 $11) 79... Ka7) 79. Rxf4 $18 Rxa3 80. h5 {[%emt 0:01:04] White mates.} Rc3+ 81. Kd7 Rh3 82. Rf6+ Kb5 83. h6 Kc5 84. Ke6 Kd4 85. Kf7 Ke5 86. Kg7 Rh1 87. Rg6 Ra1 88. h7 Ra7+ {[%emt 0:00:29] [#]} 89. Kh6 $1 Ra8 90. Rg8 Ra6+ 91. Kg5 Kd5 {[%emt 0:01:02] Weighted Error Value: White=0.17 (very precise) /Black=0.21 (precise)} 1-0

[Event "2nd Serbia Open Masters 2022"]
[Site "Novi Sad"]
[Date "2022.07.02"]
[Round "5.45"]
[White "Jain Kashish Manoj"]
[Black "Milikow, Elie"]
[Result "1-0"]
[ECO "B30"]
[WhiteElo "2271"]
[BlackElo "2428"]
[Annotator "TA"]
[PlyCount "174"]
[EventDate "2022.06.28"]
[EventType "swiss"]
[EventCountry "SRB"]
[SourceTitle "playchess.com"]
[Source "ChessBase"]
[SourceQuality "1"]
[TimeControl "40/5400+30:900+30"]

1. e4 c5 2. Nf3 Nc6 3. Bb5 e6 4. O-O Nge7 5. b3 Nd4 6. Nxd4 cxd4 7. Bb2 a6 {[%emt 0:00:46] B30: Sicilian: 2...Nc6 3 Bb5, lines without ...g6.} 8. Be2 Nc6 9. f4 {[%emt 0:00:24] [#]} g6 $146 {[%emt 0:04:00] The position is equal.} ({Predecessor:} 9... Bc5 10. d3 O-O 11. Nd2 d5 12. Kh1 b6 13. a3 a5 14. Qe1 dxe4 15. dxe4 Bb7 {1-0 (31) Vachier Lagrave,M (2784)-Carlsen,M (2862) chess24.com INT 2021}) 10. d3 Bg7 11. Nd2 d6 $1 {[%emt 0:01:57] Prevents e5.} 12. Qe1 Nb4 (12... O-O $11) 13. Bd1 $1 $14 Nc6 {[%emt 0:11:42] Inhibits e5.} 14. Nf3 O-O 15. Kh1 f5 16. Nd2 e5 17. exf5 gxf5 18. Bf3 Re8 (18... Nb4 $11 {remains equal.}) 19. Qf2 (19. Qg3 {feels hotter.} Nb4 20. Nc4 Nxc2 21. Rac1) 19... Nb4 20. Rfc1 (20. Nc4 $16) 20... Rb8 21. a3 Nc6 22. Re1 Be6 23. Re2 Qd7 24. Rae1 Bf7 25. fxe5 dxe5 26. Nc4 $1 Bxc4 27. bxc4 Ne7 $2 {[%emt 0:00:24] Prevents Bd5+.} (27... b5 $14) 28. Rxe5 $18 Bxe5 29. Rxe5 Rbd8 30. h4 Qd6 31. Qe1 {[%emt 0:02:50] And now Re6 would win.} Kf7 {[%emt 0:01:08] Inhibits Re6.} 32. Bc1 {[%emt 0:01:09] Hoping for Bg5.} (32. Bxb7 Qb6 33. Bd5+ (33. Qb4 $2 Qc7 $19) 33... Nxd5 34. cxd5 Qxb2 $11) 32... Ng6 33. Rxf5+ Kg7 34. Be4 {[%emt 0:00:31] The board is on fire.} Re5 35. h5 (35. Bf4 Nxf4 36. Rxf4 Ree8 $16) (35. Rf3 $18) 35... Rxf5 $14 36. Bxf5 Qe5 ({Black should play} 36... Rf8 $14 37. Be4 Ne5) 37. Qf2 (37. Qxe5+ $16 Nxe5 38. g4) 37... Rf8 (37... Qf6 $1 $14) 38. g4 $36 {[%emt 0:00:01][%mdl 2048] Keeping Black busy.} Ne7 $2 (38... Rxf5 {might work better.} 39. gxf5 Ne7) 39. Bf4 $2 (39. h6+ $1 $18 {and the rest is easy.} Kh8 40. Bf4) 39... Qf6 $16 40. Qh2 {[%emt 0:00:00] White is more active.} (40. h6+ Kf7 41. Kh2 (41. Bxh7 $2 Ke8 $17) 41... Nxf5 42. gxf5 Rg8 $19) ({White must play} 40. Qe1 $1 $16 {Be5 is the strong threat.} Qc6+ 41. Be4) 40... Kg8 {[%emt 0:00:00] [#]} (40... Nxf5 $2 41. Be5 Ne7 42. g5 Qxe5 43. Qxe5+ $18) (40... Kf7 $1 $11 {keeps the balance.} 41. Be5 (41. Bxh7 $2 Ke8 $19) 41... Qg5) 41. Be5 $1 {[%emt 0:01:56] Black is now going downhill.} Qc6+ (41... Qb6 $16) 42. Be4 $18 {[%emt 0:01:13] This bishop pair is nice.} Qb6 43. Qg3 Qb1+ {[%emt 0:01:25] [#]} 44. Kh2 $1 {[%emt 0:00:01] Strongly threatening Bd6.} Qxc2+ 45. Kh3 {[%emt 0:00:04] Threatens to win with Bd6.} Qf2 46. Bd6 Qf1+ 47. Bg2 Qe2 48. Bxb7 Rf6 $2 (48... Re8 49. Be4 (49. Bxa6 Ng6 $11) 49... Qf1+ 50. Kh2 Qe2+ 51. Qg2 Qe3) 49. Be4 Qf1+ 50. Bg2 Qe2 51. Be4 Qf1+ $1 52. Kh4 Re6 53. c5 (53. Bxe7 $142 {Bd5 would kill now.} Rxe7 54. Qb8+ Kf7 55. Bd5+ Re6 56. h6 Qf6+ 57. g5 Qf2+ 58. Qg3) 53... Qf6+ 54. Kh3 Qf1+ 55. Qg2 Qe1 56. Qf3 ({Weaker is} 56. Qa2 Qf1+ 57. Kg3 Qe1+ 58. Kg2 Kf7 $18) 56... h6 57. Bg3 Qd2 (57... Qe3 58. Kg2 Qc1) 58. c6 {[%emt 0:00:26][%cal Oe4g6] White threatens Bg6! and mate.} Qg5 {[%emt 0:00:35] Inhibits Bg6.} 59. c7 Kg7 {[%emt 0:00:21] [#]} 60. Bd5 $1 Rf6 {[%emt 0:00:02] [#]} (60... Qe3 61. c8=Q) 61. Qe4 $1 Qe3 {[%emt 0:00:35] [#]} 62. Qxe7+ $3 Qxe7 63. c8=Q Rf8 64. Qxa6 Rf6 65. Qb7 Qxb7 66. Bxb7 Rb6 67. Be4 Ra6 68. Be5+ Kf7 69. Bxd4 Rxa3 70. Bg6+ Kg8 71. g5 Ra4 72. Be5 hxg5 73. Be4 Ra5 74. d4 Ra6 75. Kg4 Kf7 76. Kxg5 Ra1 77. Bg6+ Ke6 78. Kh6 Ra7 79. Kg5 Ra1 $1 80. Bf5+ {[%emt 0:00:03] White mates.} Kf7 81. h6 Rg1+ 82. Kf4 Ke7 83. h7 Rg8 84. Bf6+ Kf8 85. hxg8=Q+ Kxg8 86. Bg6 Kf8 87. d5 Kg8 {[%emt 0:00:36] Weighted Error Value: White=0.39/Black=0.51} 1-0

[Event "2nd Serbia Open Masters 2022"]
[Site "Novi Sad"]
[Date "2022.07.02"]
[Round "5.46"]
[White "Gan-Erdene, Sugar"]
[Black "Mihov, Filip"]
[Result "1/2-1/2"]
[ECO "C18"]
[WhiteElo "2419"]
[BlackElo "2235"]
[Annotator "TA"]
[PlyCount "89"]
[EventDate "2022.06.28"]
[EventType "swiss"]
[EventCountry "SRB"]
[SourceTitle "playchess.com"]
[Source "ChessBase"]
[SourceQuality "1"]
[TimeControl "40/5400+30:900+30"]

1. e4 e6 2. d4 d5 3. Nc3 Bb4 4. e5 c5 5. a3 Bxc3+ 6. bxc3 Qa5 7. Bd2 Qa4 8. Nf3 b6 $1 {[%emt 0:00:25] The main line 8...b6 scores better than 8...Nc6.} 9. Bd3 {[%emt 0:27:53] C18: French: 3 Nc3 Bb4: Main line: 7 h4 and 7 Qg4.} Ba6 10. O-O Ne7 11. Bg5 {[%emt 0:01:24] Black is slightly better.} Nbc6 {[%emt 0:01:58] [#]} 12. dxc5 $146 ({Predecessor:} 12. Qd2 Bxd3 13. Qxd3 h6 14. Bxe7 Nxe7 15. Rab1 Rc8 16. Rfc1 O-O 17. Nd2 Rc7 18. dxc5 Rxc5 {½-½ (47) Marosi,L (2174)-Domingo Nunez,R (2339) Porto Carras 2015}) 12... bxc5 13. Be3 Bxd3 (13... c4 $5 14. Be2 Qa5 $15) 14. cxd3 Qa5 15. Qc2 O-O 16. c4 Rfd8 (16... d4 $5 17. Bd2 Qc7 $15) 17. Rfb1 dxc4 18. Qxc4 Nd4 {[%emt 0:01:11] Against Rb5} 19. Nxd4 cxd4 20. Bg5 ({But not} 20. Bxd4 Rac8 21. Qb4 Qxb4 22. Rxb4 Nc6 $17) 20... Rdc8 21. Qxd4 Nc6 22. Qe4 Nxe5 23. Bf4 Nd7 24. Qf3 Nb6 25. Qg3 Qf5 26. Be5 {[%emt 0:01:09][%csl Ge5][%cal Rg3g7] [#]} f6 27. Bd4 e5 28. Bxb6 axb6 29. Qe3 Rc6 30. Rxb6 Rxb6 31. Qxb6 Qxd3 $11 {[%emt 0:00:09][%mdl 4096] Endgame KQR-KQR} 32. Qe6+ Kh8 33. Qc6 Qd8 34. a4 h6 35. Rc1 Qa5 36. Ra1 Rb8 37. g3 Rb4 38. Qc8+ Kh7 39. Qf5+ Kh8 40. Qc8+ (40. Rc1 $14 Rb8 41. Rc8+ Rxc8 42. Qxc8+ Kh7 43. Qc4) 40... Kh7 {[%emt 0:05:06] The position is equal.} 41. Rc1 {[%emt 0:13:03] [#] White threatens Qf5+ and mate.} Rxa4 42. Qf5+ Kg8 43. Qe6+ Kh7 44. Qf5+ Kg8 45. Qe6+ {[%emt 0:00:53] Weighted Error Value: White=0.08 (flawless) /Black=0.07 (flawless)} 1/2-1/2

[Event "2nd Serbia Open Masters 2022"]
[Site "Novi Sad"]
[Date "2022.07.02"]
[Round "5.47"]
[White "Krasteva, Beloslava"]
[Black "Assaubayeva, Bibisara"]
[Result "0-1"]
[ECO "E71"]
[WhiteElo "2268"]
[BlackElo "2439"]
[Annotator "TA"]
[PlyCount "78"]
[EventDate "2022.06.28"]
[EventType "swiss"]
[EventCountry "SRB"]
[SourceTitle "playchess.com"]
[Source "ChessBase"]
[SourceQuality "1"]
[TimeControl "40/5400+30:900+30"]

1. d4 Nf6 2. c4 g6 3. Nc3 Bg7 4. e4 d6 5. h3 O-O 6. Be3 Nc6 {[%emt 0:00:46] E71: King's Indian: 4 e4 d6 5 h3.} 7. d5 Ne5 8. f4 Ned7 {[%emt 0:00:04] White is slightly better.} 9. g4 c6 10. Nf3 cxd5 11. cxd5 b6 12. Bg2 Ba6 13. Qc2 $1 Nc5 {[%emt 0:00:45] [#]} 14. O-O-O $146 ({Predecessor:} 14. Rd1 Rc8 15. Nd4 Bb7 16. O-O e6 17. Nc6 Bxc6 18. dxc6 Qe7 19. b4 Na6 20. b5 {½-½ (55) Krasteva,B (2305)-Papaioannou,D (1924) Veliko Gradiste 2021}) 14... Ncxe4 $1 15. Nxe4 Rc8 $1 (15... Nxe4 $2 16. Qxe4 Bb7 17. f5 $18) 16. Nc3 {[%emt 0:02:22] Nd4 is the strong threat.} Bc4 $1 17. Bd4 (17. Nd4 $14 Nxd5 18. Bxd5 Bxd5 19. Rh2 (19. Nxd5 Rxc2+ 20. Nxc2 e6 $11)) 17... b5 $1 $15 18. Bxf6 {[%emt 0:12:15] Black converts the advantage convincingly.} (18. Bxa7 $2 b4 19. Nd2 Bxa2 $19) ({White should try} 18. Nd2 $15 Bxa2 19. Nb3 (19. Bxa7 $2 b4 $19)) 18... Bxf6 $19 19. Nd4 {[%emt 0:03:55] [#]} b4 $1 20. Nc6 Rxc6 21. dxc6 bxc3 22. Qa4 $2 {[%emt 0:10:10][%mdl 8192] [#]} (22. Bd5 $17 Bxd5 23. Rxd5) 22... Qb6 $1 23. bxc3 {[%emt 0:08:41] [#]} (23. Rd2 cxd2+) 23... Qe3+ (23... Rb8 $142 $1 24. Qb4 (24. Qc2 Qe3+) 24... Qe3+ 25. Rd2 Rxb4 26. cxb4 Be2 27. Be4 Bc3 28. Kb1 Qxd2 29. Bc2 Bd3 30. Rc1 Bd4 31. a4 Qxb4+ 32. Ka2 Qb2#) 24. Rd2 Bxc3 {[%emt 0:00:53][%mdl 64] Pin. This bishop pair is nice.} 25. Rhd1 d5 26. c7 {[%emt 0:03:32] Against Rb8} Bxd2+ 27. Rxd2 Qc5 {[%emt 0:00:37] And now ...Bb3+ would win.} 28. Qc2 {[%emt 0:08:00][%cal Og2d5] Prevents Bb3. Threatens to win with Bxd5!} e6 29. Bf1 Qxc7 30. Bxc4 dxc4 {[%emt 0:00:15][%mdl 4096] Endgame KQR-KQR} ({Stronger than} 30... Qxc4 31. Qxc4 dxc4 32. Kc2 $17) 31. Qe4 Qc5 32. Kc2 c3 (32... Rb8 $142 33. Rd4 h6 34. Rxc4 Qf2+ 35. Kd3 Rb2 36. Rc8+ Kh7) 33. Qd4 Qa3 {[%emt 0:00:22] ( -> ...Qb2+)} 34. Qxc3 Qxa2+ ({Avoid the trap} 34... Qa4+ $2 35. Kb1 $19) 35. Kc1 Qa6 {[%emt 0:00:09] Strongly threatening ...Rc8.} 36. Qd3 $2 (36. Qc7) 36... Qa1+ 37. Kc2 Rc8+ 38. Kb3 Rb8+ 39. Kc4 Qa4+ {[%emt 0:00:14] Weighted Error Value: White=1.07/Black=0.42} 0-1